Map: Lightshade LE

Players

Asuna

  • Race: Protoss Protoss
  • League: Master
  • Spawn Location: 11:00

Neeb - Winner!

  • Race: Protoss Protoss
  • Spawn Location: 5:00

Event: DreamHack SC2 Masters 2020 Winter

VOD

Have the link to the VOD?

Description

Time

  • Played on: Oct. 30, 2020, 4:33 p.m.
  • Length: 6:25

All games in this series

Show
View Real Time Build Order
Export as new Build Order

Asuna Protoss 

Build Orders:  

Get SALT Encoding   

  12  0:00  Probe  
  13  0:12  Probe  
  14  0:17  Pylon  
  14  0:25  Probe (Chrono Boost)  
  15  0:37  Gateway, Probe (Chrono Boost)  
  16  0:46  Probe (Chrono Boost)  
  16  0:47  Assimilator  
  17  0:51  Probe  
  17  0:55  Assimilator  
  18  1:03  Probe (Chrono Boost)  
  19  1:07  Gateway  
  19  1:14  Probe (Chrono Boost)  
  20  1:19  Probe (Chrono Boost)  
  20  1:25  Cybernetics Core  
  21  1:30  Probe  
  22  1:33  Pylon  
  22  1:42  Probe  
  23  1:55  Probe  
  23  2:00  Warp Gate (Chrono Boost)  
  24  2:01  Stalker  
  24  2:02  Stalker  
  24  2:08  Probe  
  29  2:10  Pylon  
  29  2:24  Probe  
  30  2:31  Stalker  
  30  2:32  Stalker  
  34  2:51  Nexus  
  34  3:04  Stalker x2  
  37  3:06  Pylon  
  37  3:10  Probe  
  38  3:15  Shield Battery  
  38  3:26  Probe  
  39  3:35  Pylon  
  39  3:43  Stalker  
  39  3:45  Stalker  
  42  3:50  Probe  
  42  3:53  Twilight Council  
  43  4:05  Probe  
  43  4:06  Probe  
  43  4:08  Stalker  
  47  4:10  Stalker  
  49  4:17  Probe  
  49  4:19  Blink (Chrono Boost), Probe  
  49  4:29  Probe  
  48  4:35  Probe  
  49  4:40  Stalker  
  49  4:44  Stalker  
  53  4:46  Probe  
  53  4:49  Probe  
  55  4:53  Shield Battery  
  55  4:58  Probe  
  56  5:02  Forge  
  56  5:04  Probe  
  57  5:18  Probe  
  57  5:19  Stalker x2  
  62  5:21  Probe  
  62  5:24  Gateway  
  62  5:28  Assimilator  
  63  5:30  Probe  
  63  5:33  Probe  
  65  5:42  Probe  
  66  5:44  Pylon x2  
  66  5:45  Probe  
  67  5:58  Nexus  
  67  6:01  Probe  
  67  6:02  Probe  
  69  6:07  Gateway  
  69  6:11  Shield Battery  
  69  6:17  Gateway  
  69  6:18  Robotics Facility  
Show
View Real Time Build Order
Export as new Build Order

Neeb Protoss - Winner!

Build Orders: Oracle Opening 

Get SALT Encoding   

  12  0:00  Probe  
  13  0:12  Probe  
  14  0:16  Pylon  
  14  0:24  Probe (Chrono Boost)  
  15  0:36  Probe (Chrono Boost)  
  15  0:37  Gateway  
  16  0:44  Probe (Chrono Boost)  
  16  0:46  Assimilator  
  17  0:51  Probe  
  17  0:54  Assimilator  
  18  1:03  Probe (Chrono Boost)  
  19  1:09  Gateway  
  19  1:13  Probe (Chrono Boost)  
  19  1:18  Probe (Chrono Boost)  
  20  1:25  Cybernetics Core  
  21  1:29  Probe  
  22  1:35  Pylon  
  22  1:41  Probe  
  23  1:53  Probe  
  24  2:01  Stalker x2  
  24  2:02  Warp Gate  
  28  2:10  Pylon  
  28  2:22  Pylon  
  28  2:24  Stargate  
  28  2:29  Probe  
  29  2:46  Nexus  
  29  2:53  Shield Battery  
  29  3:01  Probe  
  29  3:05  Oracle (Chrono Boost)  
  32  3:13  Probe  
  32  3:19  Twilight Council  
  33  3:25  Probe  
  34  3:31  Pylon  
  34  3:37  Void Ray (Chrono Boost)  
  39  3:51  Stalker  
  40  3:57  Stalker  
  40  4:00  Probe  
  40  4:01  Probe  
  44  4:16  Stalker  
  46  4:19  Probe  
  46  4:21  Probe  
  45  4:33  Probe (Chrono Boost)  
  45  4:35  Probe (Chrono Boost)  
  45  4:36  Dark Shrine  
  47  4:43  Stalker  
  51  4:47  Probe (Chrono Boost)  
  51  4:48  Shield Battery  
  51  4:49  Probe (Chrono Boost)  
  51  4:55  Pylon, Probe (Chrono Boost)  
  51  4:59  Probe (Chrono Boost)  
  53  5:05  Probe (Chrono Boost)  
  55  5:07  Probe (Chrono Boost)  
  55  5:08  Assimilator  
  55  5:10  Stalker  
  55  5:13  Probe (Chrono Boost)  
  59  5:17  Probe (Chrono Boost)  
  59  5:18  Probe (Chrono Boost)  
  60  5:24  Forge  
  60  5:25  Probe  
  61  5:32  Probe  
  62  5:38  Pylon  
  62  5:41  Probe  
  63  5:44  Probe  
  63  5:47  Dark Templar  
  66  5:53  Probe  
  66  5:54  Assimilator  
  66  5:55  Dark Templar  
  66  5:57  Probe  
  70  6:03  Photon Cannon  
  70  6:16  Nexus  
  70  6:18  Pylon  
Tags
 
Add a new tag
Caveats
  • Supply blocks, unpowered buildings, or Contaminate may cause inaccurate times.
  • Supply counts are checked every 10 seconds.